Match 28505962
Unlisted

Match 28505962
End
Construct Infanterie Kompanie
Selects Mechanized Battlegroup
MG 42 Machine Gun Team
Grenadier Squad
Grenadier Squad
Grenadier Squad
Infanterie Officer Quarters
Medical Station
Construct Luftwaffe Kompanie
Support Elements
Jäger Squad
Selects Spotting Scopes
Wirbelwind Flakpanzer
Marder III M Tank Destroyer
Luftwaffe Officer Quarters
Marder III M Tank Destroyer
Jäger Squad
Selects Wespe Self-propelled Artillery
Selects Stoßtruppen Assault Package
Selects Mechanized Assault
Selects Raid Package
Marder III M Tank Destroyer
Jäger Squad
Jäger Squad
Selects StuG Assault Group
Pioneer Squad
AI Takeover
DarkNFury.
iAinEng
crowey
Akaxiya
bakedtester
CTop
Jon
에메랄드마운틴
0
0

Comments sign in to comment!

No comments posted yet!